 Dungeon Crawl Stone Soup version 0.30.0-29-ga12c61a403 (webtiles) character file.

Game seed: 14646149701590434891

811 BONEBRO the Cutter (level 8, -3/58 HPs)
             Began as a Human Chaos Knight on June 20, 2023.
             Was a Plaything of Xom.
             Slain by Duvessa
             ... wielding a +0 short sword
              (12 damage)
             ... on level 6 of the Dungeon.
             The game lasted 00:12:35 (5094 turns).

BONEBRO the Cutter (Human Chaos Knight)             Turns: 5094, Time: 00:12:36

Health: -3/58      AC:  8    Str: 19 (21) XL:     8   Next: 15%
Magic:  8/8        EV: 11    Int: 15      God:    Xom [.....*]
Gold:   280        SH:  0    Dex: 10      Spells: 7/7 levels left

rFire   . . .        q - +5 dagger "Jellybane" {flame, +Blink rCorr Str+4 Int-2}
rCold   . . .        (no shield)
rNeg    . . .        b - +2 leather armour
rPois   +            y - +0 hat
rElec   .            G - +0 cloak
rCorr   +            (no gloves)
SInv    .            (no boots)
Will    .....        (no amulet)
Stlth   +            f - ring of poison resistance
HPRegen 0.29/turn    (no ring)
MPRegen 0.11/turn

%: clarity
@: no status effects
A: iridescent scales 1, clarity, clever 1, deterioration 1, strong 1, wild magic
1, MP-powered wands
a: Renounce Religion, Evoke Blink


You were on level 6 of the Dungeon.
You worshipped Xom.
You were Xom's teddy bear.
You visited 1 branch of the dungeon, and saw 6 of its levels.

You collected 280 gold pieces.

Inventory:

Hand Weapons
 a - a +0 falchion of chaos
 q - the +5 dagger "Jellybane" (weapon) {flame, +Blink rCorr Str+4 Int-2}
   (You found it on level 2 of the Dungeon)

   Str:       It affects your strength (+4).
   Int:       It affects your intelligence (-2).
   +Blink:    It lets you blink.
   rCorr:     It protects you from acid and corrosion.
Armour
 b - a +2 leather armour (worn)
 y - a +0 hat (worn)
 G - a +0 cloak (worn)
Jewellery
 f - a ring of poison resistance (left hand)
 r - an amulet of guardian spirit
 s - a ring of see invisible
 v - a +6 ring of dexterity
 w - a ring of flight
 C - an amulet of the acrobat
Wands
 m - a wand of acid (4)
Scrolls
 d - 10 scrolls of identify {unknown}
 e - 3 scrolls of poison {unknown}
 h - a scroll of magic mapping {unknown}
 n - 3 scrolls of enchant weapon {unknown}
 p - 2 scrolls of enchant armour {unknown}
 t - 3 scrolls of amnesia {unknown}
 u - 3 scrolls of blinking {unknown}
 x - 4 scrolls of noise {unknown}
 D - a scroll of butterflies {unknown}
 F - a scroll of fog {unknown}
Potions
 g - 2 potions of attraction {unknown}
 i - 2 potions of brilliance {unknown}
 j - 3 potions of resistance
 k - 2 potions of curing {unknown}
 l - a potion of ambrosia {unknown}
 o - 2 potions of might {unknown}
 z - 2 potions of cancellation {unknown}
 A - a potion of heal wounds {unknown}
 B - a potion of haste {unknown}
 E - a potion of mutation {unknown}
Miscellaneous
 c - a piece from Xom's chessboard (15/15) (quivered)


   Skills:
 - Level 3.0 Fighting
 + Level 7.3(8.1) Short Blades
 - Level 5.2(7.0) Long Blades
 - Level 2.0 Armour
 - Level 1.0 Dodging


You had 7 spell levels left.
You didn't know any spells.
Your spell library contained the following spells:

 Spells                   Type           Power      Damage    Failure   Level
 Apportation              Tloc           0%         N/A       41%         1
 Passage of Golubria      Tloc           0%         N/A       98%         4
 Alistair's Intoxication  Tmut/Pois      0%         N/A       100%        5
 Silence                  Hex/Air        0%         N/A       100%        5
 Lehudib's Crystal Spear  Conj/Erth      0%         10d2      100%        8


Dungeon Overview and Level Annotations

Branches:
Dungeon (6/15)
 Temple: D:4-7

Altars:
Ashenzari
Fedhas
Hepliaklqana
Kikubaaqudgha
Sif Muna
Zin

Annotations:
D:6 Duvessa


Innate Abilities, Weirdness & Mutations

You are partially covered in iridescent scales. (AC +2)
You possess an exceptional clarity of mind.
Your mind is acute. (Int +4, Str/Dex -1)
Your body sometimes deteriorates upon taking damage.
Your muscles are strong. (Str +4, Int/Dex -1)
Your spells are a little harder to cast, but a little more powerful.
You expend magic power (3 MP) to strengthen your wands.


Message History

Dowan is heavily wounded.
You miss Dowan.
Dowan is heavily wounded.
Dowan drinks a potion.
Dowan suddenly seems more resistant.
You hit Dowan.
Dowan is severely wounded.
Duvessa misses you.
You hit Dowan.
Dowan is severely wounded.
Duvessa hits you with a +0 short sword. Dowan closely misses you.
You hit Dowan.
Dowan is almost dead.
Duvessa closely misses you.
You hit Dowan.
You kill Dowan!
Duvessa weeps, and shakes her weapon.
Duvessa goes berserk!
Xom thinks this is hilarious!
Duvessa hits you but does no damage.
You hit Duvessa. You burn Duvessa.
Duvessa is lightly wounded.
Duvessa hits you with a +0 short sword!
A jelly comes into view.
You closely miss Duvessa.
Duvessa is lightly wounded.
Duvessa closely misses you.
You hit Duvessa. You burn Duvessa.
Duvessa is lightly wounded.
Duvessa hits you with a +0 short sword!
You hit Duvessa but do no damage.
Duvessa is lightly wounded.
Duvessa hits you with a +0 short sword!
* * * LOW HITPOINT WARNING * * *
Duvessa hits you with a +0 short sword!
* * * LOW HITPOINT WARNING * * *
Duvessa completely misses you.
There is a shaft here.
Duvessa attacks as you move away! Duvessa hits you with a +0 short sword!
You die...
Xom snickers!

#.. #.. .#... ###
.'... '(. #....#.#
#....#)# #...SJ#
#.# #.#.#e# #.# #
#@# #.# #.# #.#
#.# #.# #.# #.#
#.##########.#####
#.#...............
#
#.#'########.#####
.##.# #.....#
#.#####
....#.#.....#
#......


You could see Duvessa (berserk, fast), a jelly and an adder.

Vanquished Creatures
  The ghost of Gorgondantess the Shooter, an amateur SpHs (D:4)
  An ice beast (D:5)
  An ogre (D:5)
  A scorpion (D:5)
  Dowan (D:6)
  A killer bee (D:2)
  3 jellies
  An orc priest (D:4)
  2 sleepcaps
  An iguana (D:4)
  3 orc wizards
  2 adders (D:2)
  An ufetubus (D:5)
  A worm (D:5)
  A dart slug (D:2)
  9 orcs
  4 ball pythons
  6 endoplasms
  3 giant cockroaches
  9 goblins
  6 hobgoblins
  3 jackals (D:1)
  3 quokkas
  5 bats
  4 frilled lizards
  6 kobolds
  2 rats
81 creatures vanquished.

Vanquished Creatures (collateral kills)
  A jackal (D:1)
1 creature vanquished.

Grand Total: 82 creatures vanquished

Notes
Turn   | Place    | Note
-------+----------+-------------------------------------------
     0 | D:1      | BONEBRO the Human Chaos Knight began the quest for the Orb.
     0 | D:1      | Reached XP level 1. HP: 18/18 MP: 1/1
    62 | D:1      | Reached XP level 2. HP: 18/24 MP: 2/2
   200 | D:1      | XOM: divination: detect items
   237 | D:1      | XOM: silly message
   296 | D:1      | Reached XP level 3. HP: 18/29 MP: 3/3
   350 | D:1      | XOM: noise
   461 | D:1      | XOM: silly message
   477 | D:1      | XOM: god gift: wand of acid (4)
   489 | D:1      | XOM: give mutation
   489 | D:1      | Gained mutation: You have hidden genetic potential. [Xom's
                  | mischief]
   621 | D:2      | an adder changed into a killer bee
   621 | D:2      | Noticed a killer bee
   621 | D:2      | XOM: polymorph adder -> killer bee
   627 | D:2      | Killed a killer bee
   628 | D:2      | Reached skill level 5 in Long Blades
   628 | D:2      | Reached XP level 4. HP: 23/35 MP: 4/4
   643 | D:2      | Gained mutation: Your mind is acute. (Int +4, Str/Dex -1)
                  | [hidden potential]
  1073 | D:2      | XOM: 1-stop teleportation journey
  1087 | D:2      | Identified the +5 dagger "Jellybane" {flame, +Blink rCorr
                  | Str+4 Int-2}
  1213 | D:2      | Reached XP level 5. HP: 35/41 MP: 5/5
  1300 | D:2      | Reached skill level 1 in Short Blades
  1424 | D:2      | XOM: 2-stop teleportation journey
  1678 | D:2      | XOM: summons 3 hostile shadow creatures
  2037 | D:3      | Found a blossoming altar of Fedhas.
  2168 | D:3      | Found a broken altar of Ashenzari.
  2239 | D:3      | Gained mutation: Your spells are a little harder to cast,
                  | but a little more powerful. [hidden potential]
  2239 | D:3      | Lost mutation: You have hidden genetic potential. [hidden
                  | potential expressed]
  2426 | D:3      | XOM: give mutations
  2426 | D:3      | Gained mutation: You are covered in fur. (AC +1) [Xom's
                  | mischief]
  2426 | D:3      | Lost mutation: Your mind is acute. (Int +4, Str/Dex -1)
                  | [Xom's mischief]
  2514 | D:3      | Found a shimmering blue altar of Sif Muna.
  2595 | D:3      | XOM: stat loss: -1 Int (10/11)
  2746 | D:4      | XOM: smoke on damage
  2750 | D:4      | Reached skill level 2 in Short Blades
  2844 | D:4      | Reached skill level 3 in Short Blades
  2844 | D:4      | Reached XP level 6. HP: 44/47 MP: 6/6
  2908 | D:4      | XOM: 2-stop teleportation journey
  2973 | D:4      | Found a large runed translucent door.
  2973 | D:4      | Found a large runed translucent door.
  3029 | D:4      | XOM: divination: magic mapping
  3131 | D:4      | XOM: cloud trail
  3392 | D:4      | Reached skill level 4 in Short Blades
  3572 | D:4      | Found a glowing silver altar of Zin.
  3633 | D:4      | Noticed Gorgondantess's ghost (amateur SpHs)
  3724 | D:4      | Killed Gorgondantess's ghost
  3725 | D:4      | Reached skill level 5 in Short Blades
  3725 | D:4      | Reached XP level 7. HP: 41/52 MP: 7/7
  3810 | D:5      | Entered Level 5 of the Dungeon
  3826 | D:5      | XOM: god gift: cloak {god gift}
  3836 | D:5      | XOM: divination: detect items
  3928 | D:5      | Found an ancient bone altar of Kikubaaqudgha.
  3961 | D:5      | XOM: give mutations
  3961 | D:5      | Lost mutation: You are covered in fur. (AC +1) [Xom's
                  | mischief]
  3961 | D:5      | Gained mutation: You expend magic power (3 MP) to
                  | strengthen your wands. [Xom's mischief]
  3961 | D:5      | Lost mutation: Your spells are a little harder to cast, but
                  | a little more powerful. [Xom's mischief]
  3961 | D:5      | Gained mutation: Your body sometimes deteriorates upon
                  | taking damage. [Xom's mischief]
  3976 | D:5      | XOM: summons friendly white imp
  3983 | D:5      | Reached skill level 6 in Short Blades
  4069 | D:5      | XOM: 9-stop teleportation journey
  4178 | D:5      | XOM: 7-stop teleportation journey
  4304 | D:5      | Identified the +4 hand axe "Soaroesm" {heavy, +Blink rC-
                  | rCorr Dex+6}
  4308 | D:5      | XOM: divination: detect creatures
  4599 | D:5      | XOM: confuse monster(s)
  4618 | D:5      | XOM: give mutations
  4618 | D:5      | Gained mutation: Your spells are a little harder to cast,
                  | but a little more powerful. [Xom's grace]
  4618 | D:5      | Gained mutation: You are partially covered in iridescent
                  | scales. (AC +2) [Xom's grace]
  4618 | D:5      | Gained mutation: You possess an exceptional clarity of
                  | mind. [Xom's grace]
  4631 | D:5      | XOM: scenery: 1 doors open, 1 doors close
  4776 | D:5      | Reached XP level 8. HP: 45/58 MP: 8/8
  4859 | D:5      | Found a hazy altar of Hepliaklqana.
  4878 | D:5      | XOM is BORED!
  4878 | D:5      | XOM: stat loss: -2 Str (16/18)
  4943 | D:6      | Reached skill level 7 in Short Blades
  5035 | D:6      | XOM: give mutations
  5035 | D:6      | Gained mutation: Your muscles are strong. (Str +4, Int/Dex
                  | -1) [Xom's grace]
  5035 | D:6      | Gained mutation: Your mind is acute. (Int +4, Str/Dex -1)
                  | [Xom's grace]
  5079 | D:6      | Noticed Dowan
  5080 | D:6      | Noticed Duvessa
  5081 | D:6      | XOM: scenery: 2 doors open
  5087 | D:6      | Killed Dowan
  5094 | D:6      | Slain by Duvessa

Illustrated notes

Levels and vault maps discovered:
D:1:      mrwooster_arrival_statue_2, layout_rooms, minmay_bisected
D:2:      minmay_inner_zag, layout_loops_corners, grunt_ministairs_3
D:3:      layout_basic, lemuel_tele_altar, mainiacjoe_overflow_alcove_1,
          lemuel_blue_sif_altar
D:4:      layout_loops_ring, mainiacjoe_overflow_paths,
          ebering_ghost_disaster_area, eino_tiny_chamber
D:5:      layout_loops_corners, nzn_hepliaklqana_mist_gate,
          mainiacjoe_overflow_chevrons
D:6:      layout_basic, serial_shops, kennysheep_mini, kennysheep_nub,
          minmay_increasing_density, uniq_duvessa

Skill      XL: |  1  2  3  4  5  6  7  8 |
---------------+-------------------------+-----
Long Blades    | 4 5 |  5.2
Short Blades   | 3 5 6 7 |  7.3
Fighting       | |  3.0
Armour         | |  2.0
Dodging        | |  1.0

Action                     |  1- 3 |  4- 6 |  7- 9 || total
---------------------------+-------+-------+-------++-------
  Melee: Falchion          |    78 |    35 |       ||   113
         Punch             |     1 |       |     1 ||     2
         Dagger            |       |   128 |    78 ||   206
  Evoke: Piece from Xom's  |     2 |       |       ||     2
   Stab: Sleeping          |       |     1 |       ||     1
         Confused          |       |       |     1 ||     1
 Armour: Leather armour    |    31 |    43 |    15 ||    89
  Dodge: Dodged            |    67 |    56 |    32 ||   155
